 Dungeon Crawl Stone Soup version 0.23.1 (webtiles) character file.

Game seed: 2041716631888932335

513 kae the Conjurer (level 7, -5/41 HPs)
             Began as an Octopode Conjurer on Mar 19, 2019.
             Slain by an iguana (13 damage)
             ... on level 4 of the Dungeon.
             The game lasted 00:04:54 (6606 turns).

kae the Conjurer (Octopode Conjurer)                Turns: 6606, Time: 00:04:54

Health: -5/41      AC:  1    Str:  7    XL:     7   Next: 19%
Magic:  6/13       EV: 13    Int: 20    God:
Gold:   242        SH:  0    Dex: 12    Spells: 8/14 levels left

rFire    . . .     SeeInvis .   k - +1 whip
rCold    . . .     Gourm    .   (no shield)
rNeg     . . .     Faith    .   (helmet restricted)
rPois    .         Spirit   .   (no amulet)
rElec    .         Reflect  .   a - ring of protection from magic
rCorr    .         Harm     .   n - ring of protection from magic
MR       ++...                  (no ring)
Stlth    +++.......             (no ring)
HPRegen  0.13/turn              (no ring)
MPRegen  0.13/turn              (no ring)
                                (no ring)
                                (no ring)

@: no status effects
A: almost no armour, stealthy swim, amphibious, 8 rings, constrict 8, camouflage
1, gelatinous body 1
a: no special abilities


You were on level 4 of the Dungeon.
You were not hungry.

You visited 1 branch of the dungeon, and saw 4 of its levels.

You collected 242 gold pieces.

Inventory:

Hand Weapons
 k - a +1 whip (weapon)
Jewellery
 a - a ring of protection from magic (left tentacle)
 n - a ring of protection from magic (right tentacle)
Scrolls
 d - a scroll of fear
 e - a scroll of identify
 f - a scroll of teleportation
 i - a scroll of enchant weapon
Potions
 c - 2 potions of heal wounds
 g - a potion of flight {unknown}
 h - a potion of might
 j - a potion of invisibility
 m - 2 potions of lignification {unknown}
Comestibles
 b - 4 rations


   Skills:
 - Level 2.0 Dodging
 - Level 2.6 Stealth
 + Level 4.2 Spellcasting
 * Level 7.3 Conjurations


You had 8 spell levels left.
You knew the following spells:

 Your Spells              Type           Power        Failure   Level  Hunger
a - Magic Dart            Conj           ####         1%          1    None
b - Searing Ray           Conj           ####..       1%          2    #......
c - Dazzling Spray        Conj/Hex       ###...       9%          3    ###....

Your spell library contained the following spells:

 Spells                   Type           Power        Failure   Level  Hunger
 Iskenderun's Mystic Bla  Conj           ####....     6%          4    ####...
 Force Lance              Conj/Tloc      ###.....     28%         4    ####...
 Fulminant Prism          Conj/Hex       ###.......   28%         4    ####...


Dungeon Overview and Level Annotations

Branches:
Dungeon (4/15)
 Temple: D:4-7

Altars:
Cheibriados
Elyvilon


Innate Abilities, Weirdness & Mutations

You cannot wear most types of armour.
You are very stealthy in the water. (Stealth+)
You are amphibious.
You can wear up to eight rings at the same time.
You can use your tentacles to constrict eight enemies at once.
Your skin changes colour to match your surroundings (Stealth+).
Your rubbery body absorbs attacks. (AC +1, EV +1)


Message History

The magic dart hits the iguana but does no damage.
The iguana is moderately wounded.
The iguana closely misses you.
Casting: Magic Dart (safe; 1% risk of failure)
Confirm with . or Enter, or press ? or * to list all spells.
Aiming: Magic Dart (safe; 1% risk of failure)
Press: ? - help, Shift-Dir - straight line, f/p - iguana
Aim: an iguana (moderately wounded)
The magic dart hits the iguana.
The iguana is heavily wounded.
The iguana barely misses you.
You hit the iguana. Your grab misses the iguana.
Your squeeze misses the iguana.
The iguana is heavily wounded.
The iguana bites you!
* * * LOW HITPOINT WARNING * * *
You hit the iguana. You grab the iguana.
The iguana is severely wounded.
You constrict the iguana. The iguana bites you!
You die...

...>....#... . .
........#.. .#..
........#.##.. . ..
#........... ..
...###.........# ...
.........<....)# ...
.....#.........### ..
#...........#.l.##.##.##
.#.........###..@).......
.###.......# #..####..##.
(.#........###..).......o
.....##......#......... .
.................##.##.
#.#............... ..
................... ..
⌠.....#............ .
.....##...#.........


You could see an iguana.

Vanquished Creatures
  A scorpion (D:2)
  A howler monkey (D:4)
  2 hounds (D:4)
  2 orc priests (D:4)
  Crazy Yiuf (D:3)
  Terence (D:3)
  Natasha (D:3)
  A worker ant (D:3)
  12 adders
  A worm (D:2)
  3 dart slugs
  14 orcs
  2 ball pythons (D:3)
  4 giant cockroaches
  7 goblins
  8 hobgoblins
  6 kobolds
  3 quokkas
  8 bats
  5 frilled lizards
  8 rats
  A plant (D:2)
92 creatures vanquished.

Notes
Turn   | Place    | Note
-------+----------+-------------------------------------------
     0 | D:1      | kae the Octopode Conjurer began the quest for the Orb.
     0 | D:1      | Reached XP level 1. HP: 11/11 MP: 3/3
   248 | D:1      | Reached XP level 2. HP: 16/17 MP: 5/5
   720 | D:1      | Reached XP level 3. HP: 5/21 MP: 0/6
  1198 | D:2      | Learned a level 2 spell: Searing Ray
  1202 | D:2      | Learned a level 3 spell: Dazzling Spray
  1528 | D:2      | Reached skill level 5 in Conjurations
  1698 | D:2      | Reached XP level 4. HP: 20/27 MP: 8/8
  2074 | D:2      | Found a snail-covered altar of Cheibriados.
  2634 | D:2      | Reached XP level 5. HP: 13/31 MP: 1/9
  3217 | D:3      | Noticed Natasha
  3537 | D:3      | Found a runed translucent door.
  3538 | D:3      | Noticed Crazy Yiuf
  3614 | D:3      | Reached skill level 6 in Conjurations
  3990 | D:3      | Reached XP level 6. HP: 33/36 MP: 3/11
  4096 | D:3      | Noticed Terence
  4103 | D:3      | Killed Terence
  4895 | D:3      | Killed Crazy Yiuf
  5290 | D:3      | Killed Natasha
  6345 | D:4      | Reached skill level 7 in Conjurations
  6345 | D:4      | Reached XP level 7. HP: 16/41 MP: 0/13
  6501 | D:4      | Found a white marble altar of Elyvilon.
  6606 | D:4      | Slain by an iguana

Skill      XL: |  1  2  3  4  5  6 |
---------------+-------------------+-----
Conjurations   | 5 6 7 |  7.3
Spellcasting   | 3 4 |  4.2
Dodging        | |  2.0
Stealth        | |  2.6

Action                   |  1- 3 |  4- 6 |  7- 9 || total
-------------------------+-------+-------+-------++-------
Melee: Unarmed           |    92 |   145 |       ||   237
       Constrict         |    28 |    28 |     3 ||    59
       Tentacles         |    12 |    38 |     2 ||    52
       Whip              |       |    27 |     8 ||    35
 Cast: Magic Dart        |    29 |    71 |    18 ||   118
       Dazzling Spray    |       |     2 |       ||     2
       Searing Ray       |       |     1 |       ||     1
  Use: Scroll            |     2 |     8 |       ||    10
 Stab: Sleeping          |     5 |     9 |       ||    14
  Eat: Chunk             |     2 |     8 |     1 ||    11
       Ration            |       |     2 |       ||     2
Armor: Skin              |    30 |    10 |       ||    40
Dodge: Dodged            |    90 |    75 |     7 ||   172
